 Dungeon Crawl Stone Soup version 0.24-a0-201-gf205589 (webtiles) character file.

Game seed: 1084747887846854500

1287 Anon1729 the Chopper (level 8, -2/61 HPs)
             Began as a Demonspawn Gladiator on Mar 24, 2019.
             Was a Follower of Makhleb.
             Killed from afar by an orc wizard (8 damage)
             ... with a puff of flame
             ... on level 7 of the Dungeon.
             The game lasted 00:09:18 (5081 turns).

Anon1729 the Chopper (Demonspawn Gladiator)         Turns: 5081, Time: 00:09:18

Health: -2/61      AC:  8    Str: 17    XL:     8   Next: 30%
Magic:  0/8        EV: 14    Int:  9    God:    Makhleb [*.....]
Gold:   495        SH:  0    Dex: 15    Spells: 7/7 levels left

rFire    . . .     SeeInvis .   a - +0 war axe
rCold    . . .     Gourm    .   (no shield)
rNeg     . . .     Faith    .   e - +0 scale mail
rPois    .         Spirit   +   c - +0 helmet
rElec    .         Reflect  .   (no cloak)
rCorr    .         Harm     .   (no gloves)
MR       +....                  (no boots)
Stlth    +.........             (no amulet)
HPRegen  0.20/turn              j - ring of protection from magic
MPRegen  0.11/turn              (no ring)

@: no status effects
A: demonic guardian 1, magic shield, sturdy frame 2
a: Renounce Religion


You were on level 7 of the Dungeon.
You worshipped Makhleb.
Makhleb was aware of your devotion.
You were hungry.

You visited 2 branches of the dungeon, and saw 7 of its levels.
You also visited: Ossuary.

You collected 495 gold pieces.

Inventory:

Hand Weapons
 a - a +0 war axe (weapon)
 x - a +0 hand axe of chopping
Missiles
 d - 3 throwing nets (quivered)
Armour
 b - a +0 leather armour
 c - a +0 helmet (worn)
 e - a +0 scale mail (worn)
 m - a +2 robe of positive energy
Jewellery
 j - a ring of protection from magic (left hand)
Scrolls
 g - a scroll of fear {unknown}
 k - a scroll of magic mapping {unknown}
 l - a scroll of teleportation {unknown}
 n - 3 scrolls of remove curse {unknown}
 o - 7 scrolls of identify {unknown}
 r - a scroll of immolation {unknown}
 t - a scroll of blinking {unknown}
 w - a scroll of random uselessness {unknown}
Potions
 h - 2 potions of berserk rage {unknown}
 i - 5 potions of haste {unknown}
 p - 2 potions of curing {unknown}
 q - 3 potions of might {unknown}
 s - a potion of degeneration {unknown}
 u - 3 potions of agility {unknown}
Comestibles
 f - 6 rations


   Skills:
 + Level 4.8 Fighting
 * Level 6.5 Axes
 - Level 1.7 Throwing
 + Level 3.7 Armour
 + Level 4.9 Dodging


You had 7 spell levels left.
You didn't know any spells.
Your spell library was empty.

Dungeon Overview and Level Annotations

Branches:
Dungeon (5/15)             Temple (1/1) D:4

Altars:
Ashenzari
Cheibriados
Dithmenos
Elyvilon
Gozag
Hepliaklqana
Kikubaaqudgha
Makhleb
Nemelex Xobeh
Okawaru
Qazlal
Ru
Sif Muna
Trog
Uskayaw
Vehumet
Wu Jian
Xom
Yredelemnul
Zin
The Shining One

Annotations:
D:2 Crazy Yiuf
D:5 exclusion: statue


Innate Abilities, Weirdness & Mutations

A weak demonic guardian rushes to your aid.
When hurt, damage is shared between your health and your magic reserves.
Your movements are less encumbered by armour. (ER -4)


Message History

Makhleb accepts your kill.
You feel better.
You slash the hippogriff!
Your scale mail prevents you from hitting the centaur.
Your ufetubus hits you.
* * * LOW HITPOINT WARNING * * *
Your ufetubus completely misses you.
The hippogriff bites you.
* * * LOW HITPOINT WARNING * * *
The hippogriff pecks you.
* * * LOW HITPOINT WARNING * * *
The hippogriff claws you but does no damage.
The centaur barely misses you.
Your ufetubus hits you.
* * * LOW HITPOINT WARNING * * *
Your ufetubus closely misses you.
Unknown command.
The hippogriff bites your white imp but does no damage.
The hippogriff pecks your white imp. The hippogriff claws your white imp.
You hear some strange, mumbled words.
A puff of flame appears from out of thin air!
The puff of flame hits you!
You die...

.. #........#
..##..........##
#...#.......#
#...##....#.# ##
#..# ###..#...
... #.> ##$#
##..#. #..## #(#
....#
.....##5##.....#
#...ZHc@...#
##....)5####
#.......##
........#
.........
.........
#......#.
....... ..


You could see a hippogriff, a centaur, a centaur zombie, a friendly white imp
and a friendly ufetubus (confused).

Vanquished Creatures
  Sigmund (D:3)
  An ice beast (D:7)
  2 ogres (D:4)
  2 centaurs (D:7)
  An elf zombie (Ossuary)
  A bullfrog (D:7)
  A scorpion (D:5)
  A crimson imp (D:5)
  A centaur zombie (Ossuary)
  An orc priest (D:5)
  2 orc wizards
  A bullfrog skeleton (D:2)
  2 iguanas
  Jessica (D:2)
  Natasha (thrice) (D:3)
  2 worker ants
  A mummy (Ossuary)
  5 adders
  3 worms
  6 leopard geckos
  7 orcs
  2 ball pythons (D:3)
  2 bat skeletons (D:2)
  2 bat zombies (D:2)
  3 giant cockroaches
  4 goblins
  8 hobgoblins
  5 jackals
  9 kobolds
  2 quokkas (D:4)
  4 bats
  8 frilled lizards
  A giant cockroach zombie (D:5)
  2 goblin zombies (Ossuary)
  4 hobgoblin zombies (Ossuary)
  3 orc zombies (Ossuary)
  2 rats
106 creatures vanquished.

Vanquished Creatures (collateral kills)
  A hippogriff (D:4)
  A scorpion (D:4)
  A mummy (Ossuary)
  2 adders (D:4)
  An orc (D:5)
  3 jackals (D:3)
  A frilled lizard (D:3)
  A goblin zombie (Ossuary)
  2 orc zombies (Ossuary)
13 creatures vanquished.

Grand Total: 119 creatures vanquished

Notes
Turn   | Place    | Note
-------+----------+-------------------------------------------
     0 | D:1      | Anon1729 the Demonspawn Gladiator began the quest for the
                  | Orb.
     0 | D:1      | Reached XP level 1. HP: 16/16 MP: 1/1
   109 | D:1      | Reached skill level 3 in Axes
   131 | D:1      | Gained mutation: When hurt, damage is shared between your
                  | health and your magic reserves. [demonic ancestry]
   131 | D:1      | Reached XP level 2. HP: 22/22 MP: 2/2
   648 | D:2      | Gained mutation: Your movements are slightly less
                  | encumbered by armour. (ER -2) [demonic ancestry]
   648 | D:2      | Reached XP level 3. HP: 3/28 MP: 1/3
   938 | D:2      | Found a hide-covered altar of Uskayaw.
   940 | D:2      | Noticed a +0 hand axe
   942 | D:2      | Noticed a +0 dagger
   944 | D:2      | Reached skill level 1 in Armour
   966 | D:2      | Noticed Jessica
  1206 | D:2      | Killed Jessica
  1206 | D:2      | Reached XP level 4. HP: 21/34 MP: 2/4
  1263 | D:2      | Found an ancient bone altar of Kikubaaqudgha.
  1537 | D:2      | Found a runed translucent door.
  1538 | D:2      | Noticed Crazy Yiuf
  2181 | D:3      | Found a snail-covered altar of Cheibriados.
  2187 | D:3      | Noticed Natasha
  2190 | D:3      | Reached skill level 4 in Axes
  2199 | D:3      | Killed Natasha
  2199 | D:3      | Gained mutation: A weak demonic guardian rushes to your
                  | aid. [demonic ancestry]
  2199 | D:3      | Reached XP level 5. HP: 28/40 MP: 3/5
  2324 | D:3      | Noticed Natasha
  2336 | D:3      | Killed Natasha
  2381 | D:3      | Found an opulent altar of Gozag.
  2457 | D:3      | Noticed Natasha
  2470 | D:3      | Killed Natasha
  2530 | D:3      | Noticed Sigmund
  2551 | D:3      | Killed Sigmund
  2551 | D:3      | Reached XP level 6. HP: 15/47 MP: 3/6
  3189 | D:4      | Found a staircase to the Ecumenical Temple.
  3217 | Temple   | Entered the Ecumenical Temple
  3445 | Temple   | Became a worshipper of Makhleb the Destroyer
  3554 | D:4      | Reached skill level 5 in Axes
  3714 | D:4      | Found a bloodstained altar of Trog.
  3860 | D:4      | Noticed a hippogriff
  3868 | D:4      | Killed a hippogriff
  3868 | D:4      | Reached XP level 7. HP: 45/53 MP: 5/7
  3933 | D:4      | Found a glowing silver altar of Zin.
  3963 | D:4      | Found a basalt altar of Yredelemnul.
  3963 | D:4      | Found an ornate altar of the Wu Jian Council.
  3968 | D:4      | Found a sparkling altar of Nemelex Xobeh.
  3970 | D:4      | Found a sacrificial altar of Ru.
  3971 | D:4      | Found an iron altar of Okawaru.
  4086 | D:5      | Entered Level 5 of the Dungeon
  4182 | D:5      | Found a radiant altar of Vehumet.
  4199 | D:5      | Found an ancient bone altar of Kikubaaqudgha.
  4271 | D:5      | Reached * piety under Makhleb
  4296 | D:5      | Found a sand-covered staircase.
  4332 | Ossuary  | Entered an ossuary
  4346 | Ossuary  | Reached skill level 6 in Axes
  4618 | D:5      | You fall through a shaft for 2 floors!
  4626 | D:7      | Gained mutation: Your movements are less encumbered by
                  | armour. (ER -4) [demonic ancestry]
  4626 | D:7      | Reached XP level 8. HP: 33/61 MP: 4/8
  5071 | D:7      | Noticed a hippogriff
  5081 | D:7      | Killed from afar by an orc wizard

Levels and vault maps discovered:
D:1:      psy_arrival_fountain, layout_loops_ring, fountainhead,
          minmay_hexomino_p4
D:2:      layout_rooms, dancing_weapons_uskayaw, kennysheep_vampire_church,
          uniq_jessica, uniq_crazy_yiuf_cottage
D:3:      layout_loops_cross, cheibriados_altar_1, grunt_gozag_breadcrumbs,
          uniq_natasha, uniq_sigmund
D:4:      layout_cave_pools, chequers_temple_overflow_minitemple,
          lemuel_crystal_altar, minmay_temple_entry_grid, first_ration,
          trog_butcher_becter
D:5:      layout_rooms, vehumet_statue, basic_altar,
          nicolae_ossuary_entry_ruins, chequers_serial_rivers_room_b,
          columned_hall_lemuel, minmay_statues_item,
          minmay_misc_feat_four_crosses
D:7:      minmay_the_grid_triangle_9x9_rhombus_thin
          [minmay_the_grid_triangle_9x9_from_above,
          minmay_the_grid_triangle_9x9_prize_center,
          minmay_the_grid_triangle_9x9_corrupted_corridor,
          minmay_the_grid_triangle_9x9_shrine], layout_cave_pools,
          fedhas_altar_2, serial_undead, serial_undead_c, serial_undead_a,
          serial_undead_e, serial_undead_a
Temple:   dpeg_chambers_temple
Ossuary:  minmay_ossuary_gauntlet

Skill      XL: |  1  2  3  4  5  6  7 |
---------------+----------------------+-----
Axes           | 3 4 5 6 |  6.5
Dodging        | 3 4 |  4.9
Armour         | 1 2 3 |  3.7
Fighting       | 3 4 |  4.8
Throwing       | |  1.7

Action                   |  1- 3 |  4- 6 |  7- 9 || total
-------------------------+-------+-------+-------++-------
Melee: War axe           |    75 |   192 |   123 ||   390
  Use: Potion            |       |     1 |       ||     1
 Stab: Invisible         |       |     1 |       ||     1
       Distracted        |       |       |     3 ||     3
  Eat: Chunk             |     1 |     9 |     3 ||    13
Armor: Leather armour    |     6 |       |       ||     6
       Scale mail        |    29 |   105 |    38 ||   172
Dodge: Dodged            |    54 |   187 |   107 ||   348

Table legend:
 A = Non-vault XP
 B = Vault XP
 C = Vault XP percentage of total XP
 D = Non-vault monster count
 E = Vault monster count
 F = Vault count percentage of total count
                 A         B        C        D         E       F
            +---------+---------+-------+---------+---------+-------
      Total |    1450 |     389 |  21.2 |      90 |      29 |  24.4
            +---------+---------+-------+---------+---------+-------
        D:1 |      19 |       4 |  17.4 |      10 |       2 |  16.7
        D:2 |      82 |      45 |  35.4 |      17 |       5 |  22.7
        D:3 |     173 |     177 |  50.6 |      27 |       2 |   6.9
        D:4 |     516 |       8 |   1.5 |      13 |       4 |  23.5
        D:5 |     236 |       0 |   0.0 |      15 |       0 |   0.0
        D:7 |     424 |       0 |   0.0 |       8 |       0 |   0.0
    Ossuary |       0 |     155 | 100.0 |       0 |      16 | 100.0
            +---------+---------+-------+---------+---------+-------
